 Dungeon Crawl Stone Soup version 0.30-a0-696-g2367cd04db (webtiles) character file.

Game seed: 7615158454873286410

649 mhtbhm the Digger (level 7, -3/36 HPs)
             Began as a Gargoyle Earth Elementalist on Jan 16, 2023.
             Was a Follower of Sif Muna.
             Slain by a wraith (11 damage)
             ... in an ossuary on Jan 21, 2023.
             The game lasted 00:11:59 (4443 turns).

mhtbhm the Digger (Gargoyle Earth Elementalist)     Turns: 4443, Time: 00:12:00

Health: -3/36      AC:  7    Str:  9    XL:     7   Next: 53%
Magic:  0/14       EV: 12    Int: 18    God:    Sif Muna [*.....]
Gold:   221        SH:  0    Dex: 10    Spells: 6/16 levels left

rFire   . . .      SeeInvis .    c - +0 whip
rCold   . . .      Faith    +    (no shield)
rNeg    + . .      Spirit   .    a - +0 robe
rPois   ∞          Reflect  .    r - +0 helmet
rElec   +          Harm     .    (no cloak)
rCorr   .          Rampage  .    (no gloves)
Will    .....      Clarity  +    (no boots)
Stlth   ++                       d - amulet of faith
HPRegen 0.26/turn                (no ring)
MPRegen 0.14/turn                (no ring)

@: mighty, slowed, very slow
A: sickness immunity, AC +4, negative energy resistance 1, electricity
resistance, torment resistance 1, petrification resistance, clarity, weak 1
a: Renounce Religion, Channel Magic


You were in an ossuary.
You worshipped Sif Muna.
Sif Muna was aware of your devotion.
You visited 2 branches of the dungeon, and saw 6 of its levels.
You also visited: Ossuary.

You collected 221 gold pieces.

Inventory:

Hand Weapons
 c - a +0 whip (weapon)
Missiles
 n - 2 silver javelins
Armour
 a - a +0 robe (worn)
 f - a scarf of harm
 r - a +0 helmet (worn)
Jewellery
 b - a ring of wizardry
 d - an amulet of faith (around neck)
 o - an amulet of magic regeneration
Scrolls
 g - a scroll of poison {unknown}
 k - a scroll of noise
 l - a scroll of teleportation
Potions
 e - a potion of attraction
 j - 2 potions of mutation


   Skills:
 + Level 0.2 Fighting
 + Level 2.0 Dodging
 + Level 3.4 Stealth
 + Level 5.1 Spellcasting
 + Level 0.6 Conjurations
 + Level 0.7 Transmutations
 + Level 7.0 Earth Magic
 + Level 0.4 Evocations


You had 6 spell levels left.
You knew the following spells:

 Your Spells              Type           Power      Damage    Failure   Level
a - Sandblast             Erth           60%        2d14      1%          1
b - Passwall              Tmut/Erth      15%        N/A       4%          2
c - Stone Arrow           Conj/Erth      36%        3d9       9%          3
d - Petrify               Tmut/Erth      18%        N/A       26%         4

Your spell library contained the following spells:

 Spells                   Type           Power      Damage    Failure   Level
 Ensorcelled Hibernation  Hex/Ice        8%         N/A       21%         2
 Lesser Beckoning         Tloc           8%         N/A       21%         2
 Gell's Gravitas          Tloc           4%         N/A       36%         3
 Inner Flame              Hex/Fire       4%         N/A       36%         3
 Swiftness                Air            4%         N/A       36%         3
 Teleport Other           Tloc           4%         N/A       36%         3
 Cause Fear               Hex            2%         N/A       78%         4
 Summon Ice Beast         Ice/Summ       4%         N/A       78%         4
 Summon Mana Viper        Hex/Summ       4%         N/A       98%         5
 Monstrous Menagerie      Summ           2%         N/A       100%        7
 Discord                  Hex            2%         N/A       100%        8


Dungeon Overview and Level Annotations

Branches:
Dungeon (5/15)             Temple (1/1) D:4         Ossuary (1/1)

Altars:
Ashenzari
Cheibriados
Elyvilon
Fedhas
Gozag
Hepliaklqana
Kikubaaqudgha
Nemelex Xobeh
Qazlal
Ru
Sif Muna
Uskayaw
Wu Jian
Xom
Yredelemnul
Zin


Innate Abilities, Weirdness & Mutations

You are immune to sickness and miasma.
Your stone body is resilient. (AC +4)
You are immune to poison.
You resist negative energy. (rN+)
You are resistant to electric shocks. (rElec)
You are resistant to unholy torment.
You are immune to petrification.
You possess an exceptional clarity of mind.
You are weak. (Str -2)


Message History

The wraith barely misses you. The wraith hits you!
The wraith drains your vigour!
You feel as though you will be slow longer.
Unknown command.
Unknown command.
You aren't carrying any items that you can evoke.
Unknown command.
Okay, then.
Casting: Sandblast (safe; 1% risk of failure)
Confirm with . or Enter, or press ? or * to list all spells.
You don't have enough magic to cast this spell.
Unknown command.
You hit the wraith but do no damage.
The wraith is severely damaged.
The wraith barely misses you. x2
You hit the wraith but do no damage.
The wraith is severely damaged.
The wraith closely misses you.
You hit the wraith.
The wraith is severely damaged.
The wraith closely misses you. x2
Casting: Sandblast (safe; 1% risk of failure)
Confirm with . or Enter, or press ? or * to list all spells.
Aiming: Sandblast (safe; 1% risk of failure)
Press: ? - help, Shift-Dir - straight line, f/p - wraith
Aim: a wraith (severely damaged, 84% to hit)
The blast of sand hits the wraith but does no damage.
The wraith is severely damaged.
The wraith hits you but does no damage. The wraith completely misses you.
Unknown command.
Unknown command.
You hit the wraith.
The wraith is almost destroyed.
The wraith hits you.
* * * LOW HITPOINT WARNING * * *
The wraith completely misses you.
You hit the wraith.
The wraith is almost destroyed.
The wraith misses you. The wraith hits you!
You die...

#.###./!!.###.#
#.#z#.???.#z#.#
#.###./!/.###.#
#.............#
#.............#
#.###.###.###.#
#.#.#.#z#.#.#.#
#.W##.###.##'.#
#@............#
###############


You could see a wraith.

Vanquished Creatures
  A wraith (Ossuary)
  An ice beast (D:5)
  6 wights
  An iguana (D:5)
  2 adders
  An adder zombie (Ossuary)
  A dart slug (D:4)
  A worm (D:2)
  An orc (D:3)
  9 ball pythons
  4 endoplasms
  5 hobgoblins
  4 quokkas
  2 ball python skeletons (Ossuary)
  2 bats
  7 frilled lizards
  5 goblins
  A hobgoblin skeleton (Ossuary)
  2 hobgoblin zombies (Ossuary)
  7 kobolds
  3 kobold zombies (Ossuary)
  An orc zombie (Ossuary)
  2 rats (D:1)
69 creatures vanquished.

Notes
Turn   | Place    | Note
-------+----------+-------------------------------------------
     0 | D:1      | mhtbhm the Gargoyle Earth Elementalist began the quest for
                  | the Orb.
     0 | D:1      | Reached XP level 1. HP: 10/10 MP: 3/3
     2 | D:1      | Noticed a draconian
     2 | D:1      | Noticed an elf
     4 | D:1      | Noticed a spriggan
     4 | D:1      | Noticed a demigod
     6 | D:1      | Noticed a vine stalker
     8 | D:1      | Noticed a human
     8 | D:1      | Noticed a merfolk
    10 | D:1      | Noticed a naga
    10 | D:1      | Noticed a formicid
    12 | D:1      | Noticed an armataur
    12 | D:1      | Noticed an octopode
    14 | D:1      | Noticed a tengu
    14 | D:1      | Noticed a meteoran
    16 | D:1      | Noticed a troll
    16 | D:1      | Noticed a demonspawn
    18 | D:1      | Noticed a gargoyle
    20 | D:1      | Noticed an ogre
    20 | D:1      | Noticed a ghoul
    22 | D:1      | Noticed a vampire
    24 | D:1      | Noticed a minotaur
    24 | D:1      | Noticed a naga
    26 | D:1      | Noticed a gargoyle
   279 | D:1      | Reached skill level 4 in Earth Magic
   279 | D:1      | Reached XP level 2. HP: 11/15 MP: 1/5
   635 | D:1      | Learned a level 2 spell: Passwall
   952 | D:2      | Reached XP level 3. HP: 19/19 MP: 4/6
  1091 | D:2      | Found a faded altar of an unknown god.
  1107 | D:2      | Learned a level 3 spell: Stone Arrow
  2138 | D:4      | Reached XP level 4. HP: 24/24 MP: 6/8
  2181 | D:4      | Found a staircase to the Ecumenical Temple.
  2204 | Temple   | Entered the Ecumenical Temple
  2554 | Temple   | Upgraded the game from 0.30-a0-639-g3916f1956a to
                  | 0.30-a0-696-g2367cd04db
  2683 | Temple   | Became a worshipper of Sif Muna the Loreminder
  2785 | D:4      | Found a hide-covered altar of Uskayaw.
  3490 | D:5      | Entered Level 5 of the Dungeon
  3507 | D:5      | Reached skill level 5 in Earth Magic
  3526 | D:5      | Reached XP level 5. HP: 20/28 MP: 0/10
  3842 | D:5      | Gained mutation: You are weak. (Str -2) [potion of
                  | mutation]
  3842 | D:5      | Gained mutation: You possess an exceptional clarity of
                  | mind. [potion of mutation]
  3851 | D:5      | Reached skill level 6 in Earth Magic
  3851 | D:5      | Reached XP level 6. HP: 32/32 MP: 10/12
  3871 | D:5      | Noticed an ice beast
  3919 | D:5      | Killed an ice beast
  3920 | D:5      | Reached XP level 7. HP: 36/36 MP: 6/13
  3979 | D:5      | Learned a level 4 spell: Petrify
  4055 | D:5      | Found a sand-covered staircase.
  4064 | Ossuary  | Entered an ossuary
  4225 | Ossuary  | Noticed a flying skull
  4225 | Ossuary  | Noticed a wraith
  4231 | Ossuary  | Noticed a flying skull
  4243 | Ossuary  | Reached * piety under Sif Muna
  4348 | Ossuary  | Noticed a flying skull
  4353 | Ossuary  | Noticed a flying skull
  4360 | Ossuary  | Noticed a wraith
  4363 | Ossuary  | Killed a wraith
  4364 | Ossuary  | Reached skill level 5 in Spellcasting
  4364 | Ossuary  | Reached skill level 7 in Earth Magic
  4423 | Ossuary  | Noticed a wraith
  4443 | Ossuary  | Slain by a wraith

Illustrated notes

Levels and vault maps discovered:
D:1:      kb_arrival_jail, layout_basic
D:2:      layout_loops_ring, shapermc_ecumenical_altar_pompeii
D:3:      layout_basic
D:4:      layout_rooms, mainiacjoe_overflow_six_doors_small,
          minmay_temple_entry_tees, serial_co_window_serial, co_window_paths_b,
          co_window_paths_a, co_window_paths_b, co_window_paths_a,
          co_window_paths_b, co_window_of_opportunity_b, co_window_corner_b,
          co_window_broadway_b, co_window_paths_e, co_window_4corner_a,
          glass_columns_a, glass_columns_a, ebering_dispersal_statue_hall
D:5:      layout_layer_cave, nicolae_ossuary_entry_monument
Temple:   nicolae_temple_bog_church
Ossuary:  ossuary_due_cavern

Skill      XL: |  1  2  3  4  5  6  7 |
---------------+----------------------+-----
Earth Magic    | 4 5 6 7 |  7.0
Spellcasting   | 3 4 5 |  5.1
Stealth        | 3 |  3.4
Dodging        | 2 |  2.0
Fighting       | |  0.2
Conjurations   | |  0.6
Transmutations | |  0.7
Evocations     | |  0.4

Action                   |  1- 3 |  4- 6 |  7- 9 || total
-------------------------+-------+-------+-------++-------
Melee: Whip              |     7 |       |     6 ||    13
       Punch             |     1 |       |       ||     1
 Cast: Sandblast         |    55 |    18 |    24 ||    97
       Stone Arrow       |       |     6 |     7 ||    13
Evoke: Wand              |       |     3 |     1 ||     4
  Use: Scroll            |     4 |     3 |       ||     7
       Potion            |       |     7 |     3 ||    10
Armor: Robe              |     9 |     6 |     5 ||    20
Dodge: Dodged            |    22 |    17 |    25 ||    64

Table legend: (Time is in decaauts)
 A = Elapsed time spent in this place.
 B = Non-inter-level travel time spent in this place.
 C = Inter-level travel time spent in this place.
 D = Time resting spent in this place.
 E = Time spent auto-exploring this place.
 F = Levels seen in this place.
 G = Mean time per level.
                   A        B        C        D        E       F      G
               +--------+--------+--------+--------+--------+-----+--------+
         Total |   4525 |   4406 |    119 |    577 |   2632 |   7 |  646.4 |
       Dungeon |   3588 |   3469 |    119 |    442 |   2368 |   5 |  717.6 |
        Temple |    535 |    535 |      0 |      0 |    166 |   1 |  535.0 |
       Ossuary |    401 |    401 |      0 |    135 |     98 |   1 |  401.0 |
               +--------+--------+--------+--------+--------+-----+--------+

Top non-repeatable levels by time:
     D:4: 1074 daAuts
     D:2: 842 daAuts
     D:1: 804 daAuts
  Temple: 535 daAuts
     D:3: 515 daAuts
 Ossuary: 401 daAuts
     D:5: 351 daAuts
